 Dungeon Crawl Stone Soup version 0.29.0-4-gdea44cf6ec (webtiles) character file.

Game seed: 15139642903216462628

2019 qw the Cleaver (level 9, -5/79 HPs)
             Began as a Minotaur Berserker on Sept 4, 2022.
             Was a Priest of Trog.
             Killed by divine providence
             ... invoked by an orc priest
              (17 damage)
             ... on level 7 of the Dungeon.
             The game lasted 00:02:36 (7363 turns).

qw the Cleaver (Minotaur Berserker)                 Turns: 7363, Time: 00:02:36

Health: -5/79      AC: 14    Str: 26    XL:     9   Next: 3%
Magic:  8/8        EV: 13    Int:  4    God:    Trog [***...]
Gold:   409        SH:  0    Dex: 10    Spells: 8/8 levels left

rFire   . . .      SeeInvis .   c - +0 war axe
rCold   . . .      Faith    .   (no shield)
rNeg    . . .      Spirit   .   h - +0 chain mail
rPois   .          Reflect  .   (helmet restricted)
rElec   .          Harm     .   o - +0 cloak
rCorr   .          Rampage  .   (no gloves)
Will    .....                   i - +2 pair of boots
Stlth   ..........              (no amulet)
HPRegen 0.23/turn               e - +4 ring of evasion
MPRegen 0.11/turn               (no ring)

@: about to teleport, mesmerised
A: horns 2, retaliatory headbutt
a: Renounce Religion, Berserk, Trog's Hand


You were on level 7 of the Dungeon.
You worshipped Trog.
Trog was most pleased with you.
You visited 1 branch of the dungeon, and saw 7 of its levels.

You collected 409 gold pieces.


Innate Abilities, Weirdness & Mutations

You have a pair of horns on your head.
You reflexively headbutt those who attack you in melee.


   Skills:
 - Level 7.1 Fighting
 + Level 12.1 Axes
 - Level 1.8 Throwing
 - Level 5.0 Armour
 - Level 2.1 Dodging


You had 8 spell levels left.
You didn't know any spells.
Your spell library was empty.

Inventory:

Hand Weapons
 c - a +0 war axe (weapon)
 j - a +0 flail
 Y - a +3 hand axe of freezing
Missiles
 l - 4 boomerangs (quivered)
Armour
 h - a +0 chain mail (worn)
 i - a +2 pair of boots (worn)
 o - a +0 cloak (worn)
Jewellery
 e - a +4 ring of evasion (left hand)
Scrolls
 g - 2 scrolls of identify
Potions
 a - a potion of resistance
 b - a potion of might
 d - a potion of degeneration {unknown}
 k - a potion of magic {unknown}
 p - 2 potions of heal wounds {unknown}
 q - a potion of cancellation {unknown}

Dungeon Overview and Level Annotations

Branches:
Dungeon (7/15)
 Temple: D:4-7

Altars:
Dithmenos
Elyvilon
Xom
Zin

Annotations:
D:3 1 runed translucent door, Crazy Yiuf
D:7 3 runed translucent doors, Maggie; qw's ghost, novice GrBe


Message History

You hit Maggie.
The orc priest hits you but does no damage.
The white imp barely misses you. You furiously retaliate!
You headbutt the white imp.
Maggie hits you with a +2 halberd of flaming.
Maggie burns you.
You slash the white imp!
You kill the white imp!
Trog accepts your kill.
You hit the orc priest. You completely miss Maggie.
Your Armour skill increases to level 5!
You barely miss Maggie.
Maggie is moderately wounded.
You slash the orc priest! The orc priest closely misses you.
Maggie hits you with a +2 halberd of flaming.
Maggie burns you.
You hit the orc priest. You headbutt the orc priest.
You kill the orc priest!
Trog accepts your kill.
You barely miss the orc. You slash Maggie! Maggie barely misses you.
You hit Maggie.
Maggie is heavily wounded.
You closely miss the orc priest. You slash the orc!
You kill the orc!
Trog accepts your kill.
You hit the orc. The orc closely misses you.
The orc priest mumbles some strange prayers to Beogh against you.
Beogh smites you!
Maggie hits you with a +2 halberd of flaming!
Maggie burns you.
7363 ||| READING scroll of teleportation.
As you read the scroll of teleportation, it crumbles to dust.
You feel strangely unstable. The orc closely misses you.
The orc priest calls down the wrath of Beogh upon you.
Beogh smites you!
You die...

### ####.## .....# ....
... . #.# #######...
#########.###..o......
#....#.##.....@@......
#.##.#....###.oo......
#.#..[................
##....#.#########.##...
#...#.#.####### .# ..
#>....).......# .# .
###.###.#####.###.# #.#
#.# ###...#.#### #.#
#.# #..........#


You could see Maggie (mesmerising), an orc priest and 2 orcs.

Vanquished Creatures
  Grinder (D:3)
  A steam dragon (D:7)
  A water moccasin (D:7)
  3 black bears
  2 ogres
  A phantom (D:4)
  A kobold brigand (D:5)
  A scorpion (D:6)
  5 wights
  2 howler monkeys
  2 jellies (D:6)
  2 orc priests
  3 hounds
  3 iguanas
  5 orc wizards
  7 adders
  3 gnolls (D:4)
  A river rat (D:6)
  A white imp (D:7)
  2 ufetubi
  A worm (D:2)
  A dart slug (D:1)
  17 orcs
  5 ball pythons
  6 endoplasms
  8 giant cockroaches
  7 goblins
  10 hobgoblins
  2 jackals (D:2)
  4 quokkas
  4 bats (D:1)
  2 frilled lizards
  A hobgoblin zombie (D:6)
  4 kobolds
  4 rats
123 creatures vanquished.

Notes
Turn   | Place    | Note
-------+----------+-------------------------------------------
     0 | D:1      | qw the Minotaur Berserker began the quest for the Orb.
     0 | D:1      | Reached XP level 1. HP: 19/19 MP: 0/0
     0 | D:1      | 0 ||| qw: Version: 0.1-a-103-gd6f5d3a
     0 | D:1      | 0 ||| qw: Game counter: 5718
     0 | D:1      | 0 ||| qw: Always use a shield: true
     0 | D:1      | 0 ||| qw: Do Orc after D:15 true
     0 | D:1      | 0 ||| qw: Do second Lair branch before Depths: true
     0 | D:1      | 0 ||| qw: Lair rune preference: random
     0 | D:1      | 0 ||| qw: Plans: Normal
     0 | D:1      | 0 ||| PLANNING D:1-11
    77 | D:1      | Reached skill level 4 in Axes
    91 | D:1      | 91 ||| Stepping ~*~*~tactically~*~*~ (stealth).
    92 | D:1      | 92 ||| Stepping ~*~*~tactically~*~*~ (stealth).
   100 | D:1      | Reached XP level 2. HP: 23/26 MP: 1/1
   136 | D:1      | 136 ||| Stepping ~*~*~tactically~*~*~ (stealth).
   598 | D:1      | Reached skill level 5 in Axes
   694 | D:1      | 694 ||| UPGRADING to +0 chain mail.
   704 | D:1      | 704 ||| DROPPING +0 animal skin.
   705 | D:1      | 705 ||| READING scroll labelled DIRAGE TUUNUOMOI.
   708 | D:1      | 708 ||| READING scroll labelled KAOZASIAMOE.
   709 | D:1      | 709 ||| DRINKING 2 sedimented white potions.
   710 | D:1      | 710 ||| DRINKING 3 sedimented silvery potions.
   711 | D:1      | 711 ||| DROPPING 2 potions of brilliance.
   736 | D:2      | Reached ** piety under Trog
   737 | D:2      | Reached XP level 3. HP: 26/31 MP: 2/2
   827 | D:2      | 827 ||| Stepping ~*~*~tactically~*~*~ (stealth).
   828 | D:2      | 828 ||| Stepping ~*~*~tactically~*~*~ (stealth).
   933 | D:2      | 933 ||| INVOKING Berserk.
  1149 | D:2      | 1149 ||| SWAPPING to +3 hand axe.
  1151 | D:2      | 1151 ||| DROPPING +0 hand axe.
  1227 | D:2      | 1227 ||| DROPPING +0 club.
  1244 | D:2      | Reached skill level 6 in Axes
  1244 | D:2      | Reached XP level 4. HP: 39/39 MP: 3/3
  1264 | D:2      | 1264 ||| Stepping ~*~*~tactically~*~*~ (stealth).
  1330 | D:2      | 1330 ||| Stepping ~*~*~tactically~*~*~ (stealth).
  1331 | D:2      | 1331 ||| Stepping ~*~*~tactically~*~*~ (stealth).
  1602 | D:2      | 1602 ||| UPGRADING to +4 ring of evasion.
  1603 | D:2      | 1603 ||| READING 2 scrolls labelled WIRUOS BARY.
  1604 | D:2      | 1604 ||| READING scroll labelled WANEOK POM YXO.
  1605 | D:2      | 1605 ||| READING 3 scrolls labelled KAYCER BEOKHLA.
  1606 | D:2      | 1606 ||| READING 2 scrolls of brand weapon.
  1606 | D:2      | 1606 ||| BRANDING +3 hand axe of electrocution.
  1607 | D:2      | 1607 ||| READING scroll of brand weapon.
  1607 | D:2      | 1607 ||| BRANDING +3 hand axe of protection.
  1676 | D:3      | Noticed Grinder
  1677 | D:3      | 1677 ||| INVOKING Trog's Hand.
  1680 | D:3      | 1680 ||| INVOKING Berserk.
  1686 | D:3      | Killed Grinder
  1687 | D:3      | Reached skill level 8 in Axes
  1687 | D:3      | Reached XP level 5. HP: 45/45 MP: 4/4
  1687 | D:3      | Reached XP level 6. HP: 51/51 MP: 5/5
  1923 | D:3      | Found a runed translucent door.
  1924 | D:3      | Noticed Crazy Yiuf
  2166 | D:3      | Found a faded altar of an unknown god.
  2300 | D:3      | Found a glowing silver altar of Zin.
  2349 | D:3      | Found a white marble altar of Elyvilon.
  2589 | D:3      | 2589 ||| READING 2 scrolls of identify.
  2589 | D:3      | 2589 ||| IDENTIFYING red potion
  3002 | D:4      | 3002 ||| INVOKING Berserk.
  3041 | D:4      | Identified the +1 leather armour of Indomitability {rPois
                  | Will+ MP+9}
  3042 | D:4      | 3042 ||| FLEEEEING.
  3043 | D:4      | 3043 ||| FLEEEEING.
  3044 | D:4      | 3044 ||| FLEEEEING.
  3045 | D:4      | 3045 ||| FLEEEEING.
  3046 | D:4      | 3046 ||| FLEEEEING.
  3047 | D:4      | 3047 ||| FLEEEEING.
  3048 | D:4      | 3048 ||| FLEEEEING.
  3049 | D:4      | 3049 ||| FLEEEEING.
  3050 | D:4      | 3050 ||| FLEEEEING.
  3054 | D:4      | 3054 ||| FLEEEEING.
  3055 | D:4      | 3055 ||| FLEEEEING.
  3058 | D:4      | 3058 ||| INVOKING Berserk.
  3059 | D:4      | 3059 ||| INVOKING Berserk.
  3069 | D:4      | Reached skill level 9 in Axes
  3094 | D:4      | 3094 ||| DROPPING +0 whip.
  3251 | D:4      | 3251 ||| Stepping ~*~*~tactically~*~*~ (stealth).
  3269 | D:4      | Reached XP level 7. HP: 60/60 MP: 6/6
  3802 | D:4      | 3802 ||| READING 2 scrolls of identify.
  3802 | D:4      | 3802 ||| IDENTIFYING metallic red potion
  3814 | D:5      | Entered Level 5 of the Dungeon
  3856 | D:5      | 3856 ||| INVOKING Berserk.
  3859 | D:5      | Reached skill level 3 in Armour
  4077 | D:5      | Found a shadowy altar of Dithmenos.
  4157 | D:5      | 4157 ||| Stepping ~*~*~tactically~*~*~ (stealth).
  4194 | D:5      | 4194 ||| INVOKING Berserk.
  4419 | D:5      | 4419 ||| INVOKING Berserk.
  4421 | D:5      | Reached skill level 10 in Axes
  4650 | D:5      | Reached skill level 1 in Throwing
  5079 | D:5      | 5079 ||| UPGRADING to +2 pair of boots.
  5084 | D:5      | 5084 ||| READING scroll labelled ZINNOHOMNI.
  5085 | D:5      | 5085 ||| READING scroll labelled ARIPTO DATRUCK.
  5086 | D:5      | 5086 ||| DRINKING 2 purple potions.
  5087 | D:5      | 5087 ||| DROPPING potion of flight.
  5110 | D:6      | 5110 ||| PLANNING SEWER
  5158 | D:6      | 5158 ||| Stepping ~*~*~tactically~*~*~ (stealth).
  5225 | D:6      | 5225 ||| INVOKING Berserk.
  5232 | D:6      | Reached skill level 6 in Fighting
  5232 | D:6      | Reached XP level 8. HP: 70/70 MP: 7/7
  5371 | D:6      | 5371 ||| Stepping ~*~*~tactically~*~*~ (hiding).
  5373 | D:6      | 5373 ||| Stepping ~*~*~tactically~*~*~ (hiding).
  5393 | D:6      | 5393 ||| FLEEEEING.
  5394 | D:6      | 5394 ||| FLEEEEING.
  5395 | D:6      | 5395 ||| FLEEEEING.
  5404 | D:6      | 5404 ||| FLEEEEING.
  5405 | D:6      | 5405 ||| FLEEEEING.
  5406 | D:6      | 5406 ||| FLEEEEING.
  5407 | D:6      | 5407 ||| FLEEEEING.
  5409 | D:6      | 5409 ||| FLEEEEING.
  5410 | D:6      | 5410 ||| FLEEEEING.
  5411 | D:6      | 5411 ||| FLEEEEING.
  5412 | D:6      | 5412 ||| FLEEEEING.
  5413 | D:6      | 5413 ||| FLEEEEING.
  5414 | D:6      | 5414 ||| STAIRDANCE
  5479 | D:6      | 5479 ||| DROPPING +1 whip of freezing.
  5530 | D:6      | Reached *** piety under Trog
  5579 | D:6      | 5579 ||| INVOKING Berserk.
  5582 | D:6      | Reached skill level 11 in Axes
  5705 | D:6      | Found a sand-covered staircase.
  5724 | D:6      | Found a glowing drain.
  5725 | D:6      | 5725 ||| UPGRADING to +0 cloak.
  5730 | D:6      | 5730 ||| READING scroll labelled POAWIMM BEEWI.
  5831 | D:6      | 5831 ||| READING 2 scrolls of identify.
  5831 | D:6      | 5831 ||| IDENTIFYING amethyst potion
  5832 | D:6      | 5832 ||| DROPPING potion of attraction.
  5928 | D:6      | 5928 ||| Stepping ~*~*~tactically~*~*~ (stealth).
  5967 | D:6      | 5967 ||| INVOKING Berserk.
  6035 | D:6      | 6035 ||| Stepping ~*~*~tactically~*~*~ (stealth).
  6040 | D:6      | 6040 ||| INVOKING Berserk.
  6152 | D:6      | 6152 ||| RIP SEWER
  6152 | D:6      | 6152 ||| RIP OSSUARY
  6152 | D:6      | 6152 ||| PLANNING D:1-11
  6246 | D:6      | 6246 ||| READING scroll labelled OTEHIF QOFEIPTIO.
  6282 | D:6      | 6282 ||| Stepping ~*~*~tactically~*~*~ (stealth).
  6296 | D:7      | 6296 ||| STAIRDANCE
  6335 | D:7      | 6335 ||| STAIRDANCE
  6363 | D:7      | 6363 ||| STAIRDANCE
  6384 | D:7      | 6384 ||| STAIRDANCE
  6470 | D:7      | Found a runed translucent gate.
  6470 | D:7      | Found a runed translucent gate.
  6471 | D:7      | Found a runed translucent gate.
  6471 | D:7      | Noticed qw's ghost (novice GrBe)
  6476 | D:7      | Reached skill level 12 in Axes
  6476 | D:7      | 6476 ||| FLEEEEING.
  6476 | D:7      | Found a shimmering altar of Xom.
  6481 | D:7      | 6481 ||| Stepping ~*~*~tactically~*~*~ (stealth).
  6497 | D:7      | 6497 ||| DRINKING potion of curing.
  6497 | D:7      | 6497 ||| (to cure confusion)
  6561 | D:7      | 6561 ||| FLEEEEING.
  6562 | D:7      | 6562 ||| FLEEEEING.
  6563 | D:7      | 6563 ||| FLEEEEING.
  6565 | D:7      | 6565 ||| STAIRDANCE
  6806 | D:7      | 6806 ||| INVOKING Berserk.
  6817 | D:7      | 6817 ||| FLEEEEING.
  6818 | D:7      | 6818 ||| FLEEEEING.
  6828 | D:7      | 6828 ||| FLEEEEING.
  6829 | D:7      | 6829 ||| FLEEEEING.
  6830 | D:7      | 6830 ||| FLEEEEING.
  6831 | D:7      | 6831 ||| FLEEEEING.
  6832 | D:7      | 6832 ||| FLEEEEING.
  6833 | D:7      | 6833 ||| FLEEEEING.
  6834 | D:7      | 6834 ||| FLEEEEING.
  6835 | D:7      | 6835 ||| FLEEEEING.
  6836 | D:7      | 6836 ||| FLEEEEING.
  6837 | D:7      | 6837 ||| FLEEEEING.
  6838 | D:7      | 6838 ||| FLEEEEING.
  6839 | D:7      | 6839 ||| FLEEEEING.
  6840 | D:7      | 6840 ||| FLEEEEING.
  6841 | D:7      | 6841 ||| FLEEEEING.
  6842 | D:7      | 6842 ||| FLEEEEING.
  6843 | D:7      | 6843 ||| FLEEEEING.
  6845 | D:7      | 6845 ||| FLEEEEING.
  6846 | D:7      | 6846 ||| FLEEEEING.
  7243 | D:7      | Reached XP level 9. HP: 74/79 MP: 8/8
  7349 | D:7      | Noticed Maggie
  7350 | D:7      | 7350 ||| SWAPPING to +0 war axe.
  7362 | D:7      | HP: 13/79 [Maggie/+2 halberd of flaming (8)]
  7363 | D:7      | 7363 ||| READING scroll of teleportation.
  7363 | D:7      | Killed from afar by an orc priest

Levels and vault maps discovered:
D:1:      lightli_arrival_statuegarden, layout_rooms
D:2:      minmay_alternating_diamond, layout_loops_ring,
          wad_floor_pattern_untrapped
D:3:      layout_loops_ring, mainiacjoe_overflow_swirl, serial_forest,
          infiniplex_forest_lined_room_2, infiniplex_forest_lined_ring,
          infiniplex_forest_zigzag_2, infiniplex_forest_end_2,
          infiniplex_forest_straight_2, infiniplex_forest_lined_4_way,
          infiniplex_forest_lined_corner, infiniplex_forest_lined_2,
          shapermc_ecumenical_altar_mp_ritualfount, uniq_crazy_yiuf_cottage,
          uniq_grinder
D:4:      layout_layer_cave
D:5:      minmay_diamond_boxcup, layout_basic, lemuel_crystal_altar,
          fountainhead, minmay_strange_pillars
D:6:      layout_basic, enter_ossuary_3, portal_sewer_entry_b,
          nrook_pool_corridor
D:7:      layout_basic, mainiacjoe_overflow_concentric_impassable,
          minmay_temple_entry_enclosed_plants, gammafunk_ghost_nasty_kobolds,
          uniq_maggie

Skill      XL: |  1  2  3  4  5  6  7  8  9 |
---------------+----------------------------+-----
Axes           | 4 5 6 8 9 10 12 | 12.1
Fighting       | 4 6 7 |  7.1
Armour         | 3 4 5 |  5.0
Throwing       | 1 |  1.8
Dodging        | |  2.1

Action                   |  1- 3 |  4- 6 |  7- 9 || total
-------------------------+-------+-------+-------++-------
Melee: Hand axe          |    64 |    49 |   118 ||   231
       Headbutt          |     7 |     8 |    22 ||    37
       Punch             |     1 |       |       ||     1
       War axe           |       |       |     8 ||     8
Throw: Boomerang         |    20 |    37 |    44 ||   101
Invok: Berserk           |     1 |     3 |     8 ||    12
       Trog's Hand       |       |     1 |       ||     1
  Use: Scroll            |     2 |     6 |     7 ||    15
       Potion            |     2 |       |     2 ||     4
Armor: Chain mail        |    15 |    10 |    52 ||    77
       Animal skin       |     4 |       |       ||     4
Dodge: Dodged            |    26 |    16 |    51 ||    93

Table legend:
 A = Non-vault XP
 B = Vault XP
 C = Vault XP percentage of total XP
 D = Non-vault monster count
 E = Vault monster count
 F = Vault count percentage of total count
                 A         B        C        D         E       F
            +---------+---------+-------+---------+---------+-------
      Total |    2375 |     510 |  17.7 |     111 |      12 |   9.8
            +---------+---------+-------+---------+---------+-------
        D:1 |      36 |       0 |   0.0 |      19 |       0 |   0.0
        D:2 |      76 |       2 |   2.6 |      21 |       2 |   8.7
        D:3 |      16 |     262 |  94.2 |       9 |       1 |  10.0
        D:4 |     364 |       0 |   0.0 |      16 |       0 |   0.0
        D:5 |     359 |     230 |  39.0 |      11 |       6 |  35.3
        D:6 |     853 |      16 |   1.8 |      22 |       3 |  12.0
        D:7 |     671 |       0 |   0.0 |      13 |       0 |   0.0
            +---------+---------+-------+---------+---------+-------
